 Dungeon Sprint DCSS version 0.21-a0-47-g7c8f537 (webtiles) character file.

7767 Kidiri the Grappler (level 11, -6/113 HPs)
             Began as a Troll Monk on June 8, 2017.
             Was the Champion of Wu Jian.
             Killed from afar by a bog body (25 damage)
             ... with a bolt of cold
             ... in the Dungeon (Sprint VII: "The Pits").
             The game lasted 00:07:29 (1180 turns).

Kidiri the Grappler (Troll Monk)                    Turns: 1180, Time: 00:07:29

Health: -6/113     AC:  7    Str: 21    XL:     11   Next: 1%
Magic:  10/10      EV: 17    Int: 12    God:    Wu Jian [******]
Gold:   0          SH:  0    Dex: 15    Spells: 10/10 levels left

rFire    . . .     SeeInvis .     - Unarmed
rCold    . . .     Gourm    +   (no shield)
rNeg     . . .     Faith    .   a - +0 robe
rPois    .         Spirit   .   (helmet restricted)
rElec    .         Reflect  .   s - +0 cloak
rCorr    .         Harm     .   (gloves unavailable)
MR       .....     NoTele   +   (boots unavailable)
Stlth    ++........             (no amulet)
Regen    0.7/turn               p - +3 ring of intelligence
MPRegen  0.2/turn               q - +3 ring of intelligence

@: lethally poisoned (-6 -> -9), glowing, heavenly storm
A: unfitting armour, claws 3, fast metabolism 3, gourmand, regeneration 1,
shaggy fur 1, tough skin 2
a: Serpent's Lash, Heavenly Storm, Renounce Religion


You were in the Dungeon.
You worshipped Wu Jian.
Wu Jian was exalted by your worship.
You were very full.

You visited 1 branch

Inventory:

Armour
 a - a +0 robe (worn)
 s - a +0 cloak (worn)
Jewellery
 p - a +3 ring of intelligence (left claw)
 q - a +3 ring of intelligence (right claw)
Scrolls
 h - a scroll of blinking
 j - 3 scrolls of remove curse
 k - 5 scrolls of amnesia
 l - a scroll of summoning
Potions
 c - 6 potions of curing
 d - 7 potions of heal wounds
 e - 2 potions of haste
 f - 4 potions of magic
 g - 5 potions of berserk rage
 i - 2 potions of invisibility
 r - a potion of brilliance
Comestibles
 b - 9 bread rations
 m - 40 fruits
 n - 7 meat rations
 o - 5 chunks of flesh


   Skills:
 + Level 8.5 Fighting
 + Level 8.0 Armour
 * Level 11.6 Dodging
 * Level 9.0 Stealth
 * Level 13.5 Unarmed Combat


You had 10 spell levels left.
You didn't know any spells.

Dungeon Overview and Level Annotations

Branches:
Dungeon (1/1)

Altars:
Ashenzari
Cheibriados
Dithmenos
Elyvilon
Fedhas
Gozag
Hepliaklqana
Kikubaaqudgha
Makhleb
Nemelex Xobeh
Okawaru
Qazlal
Ru
Sif Muna
Trog
Uskayaw
Vehumet
Wu Jian
Xom
Yredelemnul
Zin
The Shining One
Beogh
Jiyva
Lugonu


Innate Abilities, Weirdness & Mutations

You are too large for most types of armour.
You have claws for hands.
Your metabolism is lightning-fast.
You like to eat raw meat.
Your natural rate of healing is unusually fast.
You are covered in fur. (AC +1)
You have very tough skin. (AC +2)


Message History

Unknown command.
You feel sick.
You hear an angry buzzing noise.
You feel sick.
You hear a shout!
You are no longer corroded.
You feel sick.
There is an open door here.
You feel sick.
You spin and attack the chaos spawn repeatedly.
You mangle the chaos spawn!!
You kill the chaos spawn!
The Council accepts your kill.
The chaos spawn degenerates into a cloud of primal chaos!
Your Armour skill increases to level 8!
You have reached level 11!
You feel sick. The bog body casts a spell at you. The bolt of cold hits you!
You die...

''###### ''# ##### #### ..#
....###...# .. ..#
#+#.........## #.. %.#
##.##.....#...# #y.. ..#
##...##...###§§# #.r4g
..####.....##.##§##§###.....
.).##......#...#§#l§§#§.Y...
÷÷..'......'...+@§ny§§l.....
...##......#...#§#§§§#z.
..####...).##)##§##§###.Z.
..##.##(%.##...###§§# #....
..##..##%##.....#§§§# #l..
..###..#'#.........## #..
..# ##...)..###...## z. ###
######## #####


You could see a bog body, a hornet and a wyvern.

Vanquished Creatures
  A shadow wraith (D)
  A sixfirhy (D)
  A lindwurm (D)
  A deep elf mage (D)
  An eye of devastation (D)
  2 smoke demons (D)
  A rime drake (D)
  A demonic crawler (D)
  10 dream sheep (D)
  2 flying skulls (D)
  A wyvern (D)
  A spriggan (D)
  A hungry ghost (D)
  A chaos spawn (D)
  4 vampire mosquitoes (D)
  An acid dragon (D)
  A soldier ant (D)
  An orc warrior (D)
  A swamp drake (D)
  An ogre (D)
  2 eyes of draining (D)
  2 centaurs (D)
  3 big kobolds (D)
  A crimson imp (D)
  2 orc priests (D)
  An orc wizard (D)
  2 hell rats (D)
  A worker ant (D)
  A mummy (D)
  A river rat (D)
  An adder zombie (D)
  2 adder skeletons (D)
  A leopard gecko (D)
  2 orcs (D)
  A bat (D)
  A goblin (D)
  4 jackals (D)
  2 quokkas (D)
  A ball python (D)
  2 frilled lizards (D)
  A kobold (D)
  A quokka skeleton (D)
  A rat (D)
70 creatures vanquished.

Notes
Turn   | Place    | Note
-------+----------+-------------------------------------------
     0 | D        | Kidiri the Troll Monk began the quest for the Orb.
     0 | D        | Reached XP level 1. HP: 22/22 MP: 0/0
    22 | D        | Found a bloodstained altar of Trog.
    22 | D        | Found a deep blue altar of Sif Muna.
    22 | D        | Found a viscous altar of Jiyva.
    22 | D        | Found a hazy altar of Hepliaklqana.
    22 | D        | Found an opulent altar of Gozag.
    23 | D        | Found a glowing golden altar of the Shining One.
    23 | D        | Found a glowing silver altar of Zin.
    23 | D        | Found a basalt altar of Yredelemnul.
    23 | D        | Found a shimmering altar of Xom.
    23 | D        | Found an ornate altar of the Wu Jian Council.
    23 | D        | Found a sacrificial altar of Ru.
    23 | D        | Found a stormy altar of Qazlal.
    23 | D        | Found an iron altar of Okawaru.
    23 | D        | Found a sparkling altar of Nemelex Xobeh.
    23 | D        | Found a burning altar of Makhleb.
    23 | D        | Found a blossoming altar of Fedhas.
    23 | D        | Found a white marble altar of Elyvilon.
    23 | D        | Found a shadowy altar of Dithmenos.
    23 | D        | Found a snail-covered altar of Cheibriados.
    25 | D        | Found a radiant altar of Vehumet.
    25 | D        | Found a corrupted altar of Lugonu.
    25 | D        | Found a roughly hewn altar of Beogh.
    26 | D        | Found a hide-covered altar of Uskayaw.
    26 | D        | Found an ancient bone altar of Kikubaaqudgha.
    26 | D        | Found a shattered altar of Ashenzari.
    32 | D        | Became a worshipper of the Wu Jian Council
    32 | D        | Reached * piety under Wu Jian
    32 | D        | Reached ** piety under Wu Jian
    93 | D        | Noticed a worker ant
   100 | D        | Killed a worker ant
   100 | D        | Reached skill level 1 in Armour
   100 | D        | Reached skill level 4 in Unarmed Combat
   100 | D        | Reached XP level 2. HP: 12/29 MP: 1/1
   102 | D        | Reached XP level 3. HP: 16/37 MP: 2/2
   155 | D        | Reached *** piety under Wu Jian
   161 | D        | Reached skill level 5 in Unarmed Combat
   161 | D        | Reached XP level 4. HP: 45/45 MP: 3/3
   164 | D        | Reached **** piety under Wu Jian
   217 | D        | Noticed a big kobold
   220 | D        | Noticed a hungry ghost
   229 | D        | Killed a hungry ghost
   229 | D        | Reached skill level 5 in Dodging
   229 | D        | Reached skill level 6 in Unarmed Combat
   229 | D        | Reached XP level 5. HP: 54/54 MP: 4/4
   231 | D        | Reached skill level 7 in Unarmed Combat
   231 | D        | Reached XP level 6. HP: 58/63 MP: 5/5
   231 | D        | Reached ***** piety under Wu Jian
   483 | D        | Noticed an orc warrior
   483 | D        | Noticed a deep elf mage
   483 | D        | Noticed a soldier ant
   486 | D        | Reached skill level 8 in Unarmed Combat
   489 | D        | Killed a soldier ant
   489 | D        | Reached skill level 5 in Fighting
   489 | D        | Reached skill level 5 in Stealth
   489 | D        | Reached XP level 7. HP: 46/72 MP: 6/6
   496 | D        | Killed a deep elf mage
   496 | D        | Reached skill level 5 in Armour
   496 | D        | Reached skill level 9 in Unarmed Combat
   496 | D        | Reached XP level 8. HP: 28/83 MP: 7/7
   676 | D        | Noticed a flying skull
   679 | D        | Noticed a smoke demon
   684 | D        | Killed a flying skull
   690 | D        | Killed a smoke demon
   690 | D        | Reached skill level 10 in Unarmed Combat
   778 | D        | Noticed a dream sheep
   778 | D        | Noticed a dream sheep
   778 | D        | Noticed a dream sheep
   778 | D        | Noticed a dream sheep
   785 | D        | Killed a dream sheep
   794 | D        | Killed a dream sheep
   800 | D        | Reached XP level 9. HP: 41/92 MP: 8/8
   805 | D        | Reached skill level 11 in Unarmed Combat
   883 | D        | Noticed a demonic crawler
   883 | D        | Noticed a rime drake
   888 | D        | Killed a rime drake
   892 | D        | Killed a demonic crawler
   896 | D        | Reached skill level 10 in Dodging
   902 | D        | Reached ****** piety under Wu Jian
   903 | D        | Noticed a smoke demon
   904 | D        | Killed a smoke demon
   904 | D        | Reached skill level 12 in Unarmed Combat
   904 | D        | Reached XP level 10. HP: 52/102 MP: 4/9
   905 | D        | Noticed a lindwurm
   909 | D        | Killed a lindwurm
  1037 | D        | Noticed a shadow wraith
  1039 | D        | Noticed an eye of devastation
  1041 | D        | Killed a shadow wraith
  1042 | D        | Killed an eye of devastation
  1159 | D        | Reached skill level 13 in Unarmed Combat
  1167 | D        | Noticed a sixfirhy
  1172 | D        | Killed a sixfirhy
  1180 | D        | Reached XP level 11. HP: 19/113 MP: 10/10
  1180 | D        | Killed from afar by a bog body

Vault maps used:
D:        pitsprint

Skill      XL: |  1  2  3  4  5  6  7  8  9 10 |
---------------+-------------------------------+-----
Armour         | 1 3 4 5 6 8 |  8.0
Dodging        | 3 4 5 6 7 9 10 11 | 11.6
Stealth        | 2 3 4 5 6 7 9 |  9.0
Unarmed Combat | 4 5 6 7 8 9 10 12 13 | 13.5
Fighting       | 3 4 5 6 7 8 |  8.5

Action                   |  1- 3 |  4- 6 |  7- 9 | 10-12 || total
-------------------------+-------+-------+-------+-------++-------
Melee: Unarmed           |    21 |    53 |    87 |    51 ||   212
       Punch             |       |       |     4 |     3 ||     7
Invok: Serpent's Lash    |       |     2 |       |       ||     2
       Heavenly Storm    |       |     1 |     2 |     3 ||     6
  Use: Potion            |       |       |     6 |       ||     6
 Stab: Sleeping          |     1 |     3 |       |       ||     4
  Eat: Chunk             |       |    10 |     6 |     2 ||    18
Armor: Robe              |     6 |     7 |     8 |     2 ||    23
Dodge: Dodged            |    12 |    17 |    52 |    23 ||   104
